 Dungeon Crawl Stone Soup version 0.31.0-7-gf635a9b802 (webtiles) character file.

Game seed: 10695782967193859749

598765 SnakkuSnakku7 the Skinwalker (level 26, -1/367 HPs)
             Began as a Troll Enchanter on Jan 23, 2024.
             Was an Initiate of Yredelemnul.
             Slain by a purple draconian shifter
             ... wielding a +3 long sword of holy wrath
             ... led by a black draconian knight
              (14 damage)
             ... on level 3 of the Realm of Zot.
             The game lasted 01:52:13 (49365 turns).

SnakkuSnakku7 the Skinwalker (Troll Enchanter)     Turns: 49365, Time: 01:52:21

Health: -1/367     AC: 42    Str: 28    XL:     26   Next: 42%
Magic:  0/37       EV: 11    Int: 17    God:    Yredelemnul [......]
Gold:   4892       SH: 29    Dex: 14    Spells: 27/27 levels left

rFire   + .          .
                       - Unarmed
rCold   + . .        T - +8 tower shield {AC+3}
rNeg    + + .        N - melded +2 robe {Will+}
rPois   ∞            s - +2 hat
rElec   +            O - +1 cloak of Cowardice {MP+9 Str+3 Int+4}
rCorr   .            (gloves unavailable)
SInv    .            (boots unavailable)
Will    ++++.        u - amulet "Moesiad" {Spirit rElec rN+ Str-2 Int+2}
Stlth   ++           b - ring "Toveh" {^Contam +Blink rPois rC+ Will++}
HPRegen 1.61/turn    K - ring of Kibaelyv {rF+ Will+ Slay+2}
MPRegen 0.25/turn

%: clarity, guardian spirit
@: statue-form, hasted, constricted, studying 3 skills, invisible
A: slow and powerful, torment resistance 1, boosted hp, large, unfitting armour,
claws 3, regeneration 1, (shaggy fur 1), (tough skin 1), (iridescent scales 1),
clarity, subdued magic 1
}: 3/15 runes: serpentine, barnacled, silver
a: Begin Untransformation, Renounce Religion, Evoke Blink, Recall Undead Harvest


You were on level 3 of the Realm of Zot.
You worshipped Yredelemnul.
Yredelemnul was aware of your devotion.
You were a living statue of rough stone.
You visited 11 branches of the dungeon, and saw 49 of its levels.
You visited 1 bazaar.
You also visited: Ice Cave.

You collected 8798 gold pieces.
You spent 3906 gold pieces at shops.

Inventory:

Hand Weapons
 a - a +1 dagger
Missiles
 y - 9 throwing nets
 Q - 102 large rocks (quivered)
Armour
 s - a +2 hat (worn)
 N - a +2 robe of willpower (melded)
 O - the +1 cloak of Cowardice (worn) {MP+9 Str+3 Int+4}
   (You bought it in a shop on level 2 of the Orcish Mines)

   Str+3:     It affects your strength (+3).
   Int+4:     It affects your intelligence (+4).
   MP+9:      It affects your magic capacity (+9).
 T - a +8 tower shield of protection (worn)
Jewellery
 b - the ring "Toveh" (left claw) {^Contam +Blink rPois rC+ Will++}
   (You bought it in a shop on level 12 of the Dungeon)

   [ring of poison resistance]

   rC+:       It protects you from cold.
   rPois:     It protects you from poison Will++: It greatly increases your
   willpower.
   +Blink:    It lets you blink.
   ^Contam:   It causes magical contamination when unequipped.
 u - the amulet "Moesiad" (around neck) {Spirit rElec rN+ Str-2 Int+2}
   (You acquired it on level 3 of the Lair of Beasts)

   [amulet of guardian spirit]

   Spirit:    It causes incoming damage to be divided between your reserves of
   health and magic.
   Str-2:     It affects your strength (-2).
   Int+2:     It affects your intelligence (+2).
   rElec:     It insulates you from electricity.
   rN+:       It protects you from negative energy.
 w - a ring of see invisible
 A - the ring of the Sky {rC+ Str+3}
   (You found it in an ice cave)

   [ring of protection from cold]

   Str+3:     It affects your strength (+3).
   rC+:       It protects you from cold.
 K - the ring of Kibaelyv (right claw) {rF+ Will+ Slay+2}
   (You took it off a frost giant on level 2 of the Depths)

   [ring of willpower]

   Slay+2:    It affects your accuracy & damage with ranged weapons and melee
   (+2).
   rF+:       It protects you from fire.
   Will+:     It increases your willpower.
Talismans
 v - a dragon-blood talisman
 S - a granite talisman (active)
Wands
 j - a wand of flame (52)
 l - a wand of digging (7)
 t - a wand of roots (63)
 z - a wand of charming (80)
 B - a wand of mindburst (26)
 J - a wand of polymorph (5)
 P - a wand of light (15)
Scrolls
 d - 5 scrolls of immolation
 e - 3 scrolls of fog
 g - 8 scrolls of revelation
 m - 6 scrolls of vulnerability
 n - 4 scrolls of silence
 p - 9 scrolls of fear
 C - 19 scrolls of teleportation
 E - 3 scrolls of poison
 R - 2 scrolls of torment
Potions
 c - 5 potions of invisibility
 f - 7 potions of enlightenment
 h - 2 potions of resistance
 i - 8 potions of mutation
 k - 26 potions of curing
 o - 6 potions of attraction
 q - 8 potions of heal wounds
 x - a potion of ambrosia
 D - 2 potions of haste
 F - 6 potions of magic
 G - 7 potions of brilliance
 I - 10 potions of lignification
 U - 4 potions of cancellation
 Y - a potion of berserk rage
 Z - 5 potions of might
Miscellaneous
 r - a box of beasts
 M - a tin of tremorstones (1/2)
 V - a phantom mirror
 W - a lightning rod (4/4)
 X - a phial of floods


   Skills:
 - Level 20.0 Fighting
 - Level 0.7 Short Blades
 + Level 15.8 Throwing
 - Level 5.7 Armour
 - Level 11.7 Dodging
 - Level 1.5 Stealth
 - Level 20.0 Shields
 - Level 20.0 Unarmed Combat
 - Level 1.2 Spellcasting
 - Level 2.0 Hexes
 - Level 8.0 Invocations
 - Level 23.0 Shapeshifting


You had 27 spell levels left.
You didn't know any spells.
Your spell library contained the following spells:

 Spells                   Type           Power      Damage    Failure   Level
 Jinxbite                 Hex            12%        N/A       19%         2
 Apportation              Tloc           0%         N/A       28%         1
 Kiss of Death            Conj/Necr      0%         2d5       28%         1
 Magic Dart               Conj           0%         1d3       28%         1
 Shock                    Conj/Air       0%         1d3       28%         1
 Sting                    Conj/Alch      0%         1d3       28%         1
 Summon Small Mammal      Summ           0%         N/A       28%         1
 Ensorcelled Hibernation  Hex/Ice        6%         N/A       28%         2
 Confusing Touch          Hex            6%         N/A       36%         3
 Sigil of Binding         Hex            6%         N/A       36%         3
 Tukima's Dance           Hex            6%         N/A       36%         3
 Blink                    Tloc           0%         N/A       41%         2
 Call Imp                 Summ           0%         N/A       41%         2
 Cigotuvi's Dreadful Rot  Necr/Alch/Air  0%         N/A       41%         2
 Lesser Beckoning         Tloc           0%         N/A       41%         2
 Mercury Vapours          Alch/Air       0%         N/A       41%         2
 Momentum Strike          Conj/Tloc      0%         3d8       41%         2
 Scorch                   Fire           0%         2d5       41%         2
 Searing Ray              Conj           0%         2d4       41%         2
 Static Discharge         Conj/Air       0%         3-3/arc   41%         2
 Dazzling Flash           Conj/Hex       6%         N/A       50%         3
 Inner Flame              Hex/Fire       3%         N/A       50%         3
 Call Canine Familiar     Summ           0%         N/A       65%         3
 Frozen Ramparts          Ice            0%         1d1       65%         3
 Fugue of the Fallen      Necr           0%         N/A       65%         3
 Gell's Gravitas          Tloc           0%         N/A       65%         3
 Hailstorm                Conj/Ice       0%         3d5       65%         3
 Mephitic Cloud           Conj/Alch/Air  0%         N/A       65%         3
 Ozocubu's Armour         Ice            0%         N/A       65%         3
 Passwall                 Erth           0%         N/A       65%         3
 Stone Arrow              Conj/Erth      0%         3d7       65%         3
 Summon Ice Beast         Ice/Summ       0%         N/A       65%         3
 Swiftness                Air            0%         N/A       65%         3
 Teleport Other           Tloc           0%         N/A       65%         3
 Vampiric Draining        Necr           0%         2d6       65%         3
 Volatile Blastmotes      Fire/Tloc      0%         2d10      65%         3
 Cause Fear               Hex            3%         N/A       78%         4
 Anguish                  Hex/Necr       1%         N/A       89%         4
 Dimensional Bullseye     Hex/Tloc       1%         N/A       89%         4
 Airstrike                Air            0%         2d(0-16)  96%         4
 Animate Armour           Summ/Erth      0%         N/A       96%         4
 Brom's Barrelling Bould  Conj/Erth      0%         2d3       96%         4
 Dispel Undead            Necr           0%         3d6       96%         4
 Flame Wave               Conj/Fire      0%         2d4       96%         4
 Fulminant Prism          Conj/Alch      0%         3d5       96%         4
 Ignite Poison            Fire/Alch      0%         N/A       96%         4
 Iskenderun's Mystic Bla  Conj/Tloc      0%         2d3       96%         4
 Leda's Liquefaction      Alch/Erth      0%         N/A       96%         4
 Manifold Assault         Tloc           0%         N/A       96%         4
 Martyr's Knell           Necr/Summ      0%         N/A       96%         4
 Olgreb's Toxic Radiance  Alch           0%         N/A       96%         4
 Passage of Golubria      Tloc           0%         N/A       96%         4
 Petrify                  Alch/Erth      0%         N/A       96%         4
 Sticky Flame             Fire/Alch      0%         2d4       96%         4
 Summon Blazeheart Golem  Fire/Summ      0%         N/A       96%         4
 Summon Lightning Spire   Summ/Air       0%         N/A       96%         4
 Vhi's Electric Charge    Tloc/Air       0%         N/A       96%         4
 Metabolic Englaciation   Hex/Ice        1%         N/A       99%         5
 Silence                  Hex/Air        1%         N/A       99%         5
 Summon Mana Viper        Hex/Summ       3%         N/A       99%         5
 Yara's Violent Unravell  Hex/Alch       1%         3d3       99%         5
 Alistair's Intoxication  Alch           0%         N/A       100%        5
 Arcjolt                  Conj/Air       0%         1d10      100%        5
 Curse of Agony           Necr           0%         N/A       100%        5
 Fireball                 Conj/Fire      0%         3d3       100%        5
 Freezing Cloud           Conj/Ice/Air   0%         6-21      100%        5
 Irradiate                Conj/Alch      0%         3d11      100%        5
 Iskenderun's Battlesphe  Conj           0%         2d6       100%        5
 Lee's Rapid Deconstruct  Erth           0%         3d4*      100%        5
 Summon Forest            Summ/Tloc      0%         N/A       100%        5
 Bombard                  Conj/Erth      0%         9d1       100%        6
 Conjure Ball Lightning   Conj/Air       0%         3x3d6     100%        6
 Dispersal                Tloc           0%         N/A       100%        6
 Plasma Beam              Fire/Air       0%         2x1d10    100%        6
 Sculpt Simulacrum        Ice/Alch       0%         N/A       100%        6
 Summon Cactus Giant      Summ           0%         N/A       100%        6
 Enfeeble                 Hex            3%         N/A       100%        7
 Monstrous Menagerie      Summ           0%         N/A       100%        7
 Orb of Destruction       Conj           0%         9d5       100%        7
 Spellforged Servitor     Conj/Summ      0%         N/A       100%        7
 Summon Hydra             Summ           0%         N/A       100%        7
 Discord                  Hex            3%         N/A       100%        8
 Disjunction              Tloc           0%         N/A       100%        8
 Infestation              Necr           0%         N/A       100%        8
 Lehudib's Crystal Spear  Conj/Erth      0%         10d2      100%        8
 Maxwell's Capacitive Co  Air            0%         ∞         100%        8
 Death's Door             Necr           0%         N/A       100%        9
 Dragon's Call            Summ           0%         N/A       100%        9
 Sublimation of Blood     Necr           Unusable   N/A       N/A         2
 Death Channel            Necr           Unusable   N/A       N/A         6

Dungeon Overview and Level Annotations

Branches:
Dungeon (15/15)            Temple (0/1) D:4            Lair (5/5) D:8
 Shoals (4/4) Lair:2        Snake (4/4) Lair:3        Slime (0/5) Lair:5
    Orc (2/2) D:9             Elf (3/3) Orc:2        Vaults (5/5) D:14
  Crypt (3/3) Vaults:3       Tomb (0/3) Crypt:3      Depths (4/4) D:15
   Hell (visited)             Dis (0/7) Hell            Geh (0/7) Hell
    Tar (0/7) Hell            Zot (3/5) Depths:4      IceCv (visited)
    Coc: Hell:1

Altars:
Gozag
Hepliaklqana
Kikubaaqudgha
Makhleb
Nemelex Xobeh
Okawaru
Qazlal
Trog
Uskayaw
Vehumet
Yredelemnul
Zin

Shops:
D:4 (   D:12 =   D:14 =   Orc:2 [*[(   Elf:1 =:   Shoals:3 :   Snake:1 :[(
Snake:3 :   Vaults:3 *   Vaults:4 !

Portals:
Hell: Depths:1 Depths:2 Depths:3 Depths:4
Abyss: Depths:3
Pandemonium: Depths:2 Depths:3
Ziggurat: Depths:2
Trove: D:12 (give +2 gold dragon scales)

Annotations:
Elf:2 5 runed translucent doors
Hell exclusion: 2 ice statues
Zot:3 Tiamat


Innate Abilities, Weirdness & Mutations

You are a living statue of rough stone.
Your actions are slow, but your melee attacks are powerful.
You are resistant to unholy torment.
Your maximum health is greatly increased.
Your equipment is partially melded.
You are too large for most types of armour.
You are immune to poison.
You have claws for hands.
Your natural rate of healing is unusually fast.
((You are covered in fur. (AC +1)))
((You have tough skin. (AC +1)))
((You are partially covered in iridescent scales. (AC +2)))
You possess an exceptional clarity of mind.
Your spells are a little easier to cast, but a little less powerful.


Message History

* * * LOW HITPOINT WARNING * * *
The tentacled monstrosity misses you.
The tentacled monstrosity tentacle-slaps you but does no damage.
You block the tentacled monstrosity's attack.
The tentacled monstrosity constricts you.
You block the purple draconian's attack.
The yellow draconian hits you but does no damage.
The purple draconian shifter hits you with a +3 long sword of holy wrath.
* * * LOW HITPOINT WARNING * * *
Unknown command.
The tentacled monstrosity's grasp on you weakens, but your attempt to escape fails.
The white draconian stormcaller seems to regain its courage.
You block the tentacled monstrosity's attack. x2
The tentacled monstrosity tentacle-slaps you but does no damage.
A bolt of lightning appears from out of thin air!
The bolt of lightning misses you. The bolt of lightning hits you. You resist.
* * * LOW HITPOINT WARNING * * *
The bolt of lightning hits something.
You block the tentacled monstrosity's attack. x2
The tentacled monstrosity barely misses you.
The tentacled monstrosity constricts you.
* * * LOW HITPOINT WARNING * * *
The white draconian stormcaller breathes frost at you.
The blast of cold hits the tentacled monstrosity!!
The tentacled monstrosity resists.
The purple draconian shifter casts a spell.
The purple draconian hits you with a +0 flail.
* * * LOW HITPOINT WARNING * * *
The yellow draconian spits acid at you.
The glob of acid hits the tentacled monstrosity!
The acid corrodes the tentacled monstrosity!
The acid splashes onto something!
The acid corrodes something!
The acid splashes onto something!
The acid corrodes something!
The acid splashes onto you!
You are splashed with acid!
* * * LOW HITPOINT WARNING * * *
The acid splashes onto the tentacled monstrosity!
The tentacled monstrosity is splashed with acid!
The purple draconian shifter hits you with a +3 long sword of holy wrath!
You die...
Your body becomes fuel for the black torch.

##....°.##**,,* **,<,**
##...d..# **,** *,,,,* *
##....q## *,,** **,,,*
*** ##.....##**,,* **,***
,,** #......##**,** *,*,*
,,,** #....q..# *,,*
**,** ,,,,***
#.....d.##**,** *,*
,,,,,,**#......XX# *,,*
*,*
,,,,,,,*##.....{8#***,*
*** ,,,,,,,,*#......dq#
*,** ,,,,,,,,,##.......#
*,,*
,,,,,,,,,*##....q.#***,*
,,,,,,,,,,*##......***,**
,,,,,,,,,,* ###.....**,,*
*,,,,,,,,,* #.....,,,,*
**,,,,,,,,* #......,,,*
*,,,,,,,,* **,,,,,,,,**


You could see 2 tentacled monstrosities, a yellow draconian (unable to see you,
catching breath), a purple draconian (unable to see you), a red draconian
(unable to see you), 2 draconians, a white draconian stormcaller (unable to see
you) and a red draconian scorcher (unable to see you).

Vanquished Creatures
  Khufu (Crypt:1)
  6 ancient liches
  3 royal mummies (Crypt:1)
  Josephina (Crypt:1)
  A Killer Klown (Zot:2)
  Boris (thrice) (Crypt:1 Crypt:3 Vaults:5)
  Margery (Vaults:2)
  Vashnia (Snake:2)
  Geryon (Hell)
  A caustic shrike (Depths:2)
  A curse toe (Zot:1)
  3 golden dragons
  Norris (Vaults:4)
  A hellephant (Vaults:2)
  An iron giant (Zot:2)
  4 tentacled monstrosities
  8 liches
  Zenata (Vaults:2)
  Asterion (Snake:3)
  4 quicksilver dragons
  7 titans
  A deep elf master archer (Elf:3)
  2 deep elf blademasters (Elf:3)
  7 sphinxes
  A death cob (Depths:4)
  3 ancient champions
  Kirke (D:13)
  2 krakens (Shoals:2)
  3 tengu reavers
  Roxanne (D:15)
  10 storm dragons
  6 shadow dragons
  7 revenants
  2 azure jellies (IceCv)
  7 nagarajas
  Aizul (Snake:2)
  2 balrugs
  8 draconian monks (Zot:2)
  10 fire giants
  4 draconian knights
  7 draconian shifters
  15 vault wardens
  10 frost giants
  3 deep elf elementalists
  3 draconian scorchers
  12 deep elf sorcerers
  2 curse skulls
  6 spectral caustic shrikes (Depths:3)
  2 ghouls (Crypt:2)
  A draconian stormcaller (Zot:1)
  8 reapers
  A cacodemon (Depths:1)
  2 draconian annihilators
  16 ironbound preservers
  4 spriggan defenders
  An orc warlord (Vaults:2)
  2 formless jellyfish
  A quicksilver ooze (IceCv)
  13 very ugly things
  12 stone giants
  A caustic shrike skeleton (Crypt:3)
  3 green draconians
  7 deep elf death magi
  3 ironbound thunderhulks
  7 vampire knights
  5 deep elf demonologists
  3 putrid mouths (Hell)
  4 white draconians
  5 black draconians
  7 war gargoyles
  11 spark wasps
  3 dire elephants
  A lorocyproca (Hell)
  5 red draconians
  5 yellow draconians
  Azrael (Snake:1)
  2 purple draconians
  8 deep elf annihilators
  5 merfolk impalers
  6 eidola
  A merfolk javelineer (Shoals:3)
  11 ettins
  An iron golem (Hell)
  A quicksilver dragon zombie (Crypt:3)
  4 blizzard demons
  11 fire dragons
  A spriggan zombie (Crypt:3)
  7 yaktaur captains
  3 deep elf high priests
  2 entropy weavers
  8 jiangshi
  3 rakshasas
  7 hydras
  12 ice dragons
  4 great orbs of eyes (Vaults:3)
  2 hell beasts
  Erolcha (D:11)
  A catoblepas (Zot:2)
  37 vault guards
  6 centaur warriors
  2 ghost crabs (Crypt:3)
  5 ogre magi
  6 spriggan air magi
  2 peacekeepers (Vaults:3)
  6 ironbound frosthearts
  21 dancing weapons
  2 death knights
  10 two-headed ogres
  3 merfolk aquamancers
  10 anacondas
  2 boulder beetles
  An alligator snapping turtle (Shoals:4)
  6 naga warriors
  5 deep troll shamans
  5 deep troll earth magi
  5 hell hogs
  A death yak (Lair:3)
  7 spriggan berserkers
  7 tengu warriors
  21 hell knights
  An occultist (D:15)
  3 orc high priests
  5 vampire magi
  7 shock serpents
  13 sun demons
  12 naga sharpshooters
  8 deep elf knights
  A shadow wraith (Hell)
  3 skeletal warriors
  6 soul eaters
  Sonja (D:12)
  9 iron trolls
  A skyshark (shapeshifter) (Depths:2)
  4 spriggan riders (Depths:3)
  2 skysharks
  3 salamander mystics
  A ghost moth zombie (Crypt:2)
  16 mana vipers
  A spriggan druid (Depths:3)
  17 flayed ghosts
  2 glowing orange brains
  6 sea snakes
  7 arcanists
  7 naga ritualists
  42 deep trolls
  5 orc knights
  An obsidian statue (Depths:1)
  A glowing orange brain (shapeshifter) (Depths:4)
  8 lindwurms
  7 deep elf archers
  10 phantasmal warriors
  A sphinx simulacrum (Vaults:1)
  30 deep elf pyromancers
  12 necromancers
  15 ironbound convokers
  3 orc sorcerers
  An anaconda skeleton (Hell)
  23 deep elf zephyrmancers
  21 harpies
  13 salamanders
  A cyclops (shapeshifter) (Depths:1)
  13 manticores
  A faun (Shoals:3)
  19 ugly things
  A moth of wrath (shapeshifter) (Vaults:5)
  12 elephants
  A shining eye (shapeshifter) (Vaults:5)
  11 cyclopes
  A salamander (shapeshifter) (Depths:4)
  7 rust devils (Hell)
  7 moths of wrath
  A stone giant skeleton (Crypt:3)
  32 black mambas
  3 kobold blastminers (Orc:1)
  3 guardian serpents
  A centaur zombie (Crypt:3)
  6 gargoyles
  5 merfolk sirens
  An orange demon (Depths:1)
  14 naga magi
  6 smoke demons
  4 torpor snails
  A torpor snail (shapeshifter) (Vaults:3)
  An elephant (shapeshifter) (Vaults:5)
  2 ice statues (IceCv)
  An eye of devastation (shapeshifter) (Vaults:5)
  6 cane toads
  16 vault sentinels
  A black draconian zombie (Crypt:1)
  3 molten gargoyles (Hell)
  3 water nymphs (Shoals:4)
  An unseen horror (D:11)
  2 rime drakes
  31 yaktaurs
  A swamp worm zombie (Crypt:1)
  A komodo dragon (shapeshifter) (Depths:2)
  2 tormentors
  2 hellions
  5 komodo dragons
  An ice devil (Hell)
  9 freezing wraiths
  7 tengu conjurers
  2 red devils
  An efreet (D:14)
  A harpy zombie (Crypt:3)
  14 merfolk
  An elf skeleton (Vaults:1)
  9 trolls
  A harpy skeleton (Crypt:2)
  7 polar bears (Lair:5)
  2 wind drakes
  A hellwing (Depths:1)
  A sea snake skeleton (Hell)
  A raiju (shapeshifter) (D:15)
  2 tyrant leeches (Lair:5)
  A wind drake (shapeshifter) (Depths:2)
  A hydra skeleton (Hell)
  10 blink frogs
  6 hornets (Lair:5)
  2 glass eyes (Depths:2)
  A raiju (Lair:5)
  3 ettin zombies
  6 snapping turtles
  A slime creature (shapeshifter) (Vaults:5)
  12 spriggans
  A centaur simulacrum (Crypt:1)
  29 slime creatures
  3 black mamba zombies
  3 shadows (Crypt:3)
  A dire elephant simulacrum (Crypt:1)
  A culicivora (Vaults:3)
  11 wraiths
  2 air elementals
  47 yaks
  4 vampires
  16 humans (D:14)
  12 water elementals
  3 basilisks
  7 wyverns
  A golden eye (shapeshifter) (D:15)
  4 fire elementals
  10 wargs
  3 hogs (D:13)
  3 fire dragon skeletons (Crypt:3)
  5 vampire mosquitoes
  A neqoxec (Depths:1)
  A chaos spawn (Depths:1)
  A fire bat zombie (Crypt:2)
  2 steam dragons
  A naga zombie (Crypt:3)
  An ogre zombie (Vaults:1)
  2 acid dragons
  31 nagas
  14 hell hounds
  12 water moccasins
  9 black bears
  A glowing shapeshifter skeleton (Vaults:1)
  A sky beast (D:6)
  19 orc warriors
  3 ice beasts
  32 laughing skulls
  19 ogres
  10 centaurs
  23 wolves
  2 boggarts (Vaults:2)
  A slime creature simulacrum (IceCv)
  2 elf zombies
  3 gnoll sergeants
  8 bullfrogs
  An ogre simulacrum (Vaults:1)
  3 earth elementals
  A merfolk simulacrum (Shoals:4)
  2 scorpions
  5 glowing shapeshifter simulacra (IceCv)
  A naga simulacrum (Crypt:1)
  A wight (Crypt:3)
  3 killer bees (D:11)
  9 howler monkeys
  5 electric eels
  A lava snake (Lair:3)
  4 jellies
  13 orc priests
  4 hounds
  4 iguanas
  Natasha (thrice) (D:4)
  22 orc wizards
  2 hell rats (Hell)
  8 shapeshifter simulacra (IceCv)
  8 adders
  6 gnolls
  2 shadow imps (D:5)
  5 ufetubi (D:6)
  3 ribbon worms
  A dart slug (D:1)
  54 orcs
  4 endoplasms
  6 giant cockroaches
  9 goblins
  8 hobgoblins
  3 jackals (D:3)
  4 quokkas (D:1)
  7 ball pythons
  6 bats
  7 frilled lizards
  A hobgoblin skeleton (Crypt:1)
  A hobgoblin zombie (Crypt:1)
  13 kobolds
  5 rats
  9 tentacles
1872 creatures vanquished.

Vanquished Creatures (collateral kills)
  A dread lich (Vaults:5)
  Nikola (Shoals:2)
  A golden dragon (Vaults:4)
  3 tentacled monstrosities
  A shard shrike skeleton (Crypt:2)
  A walking earthen tome (Depths:2)
  A titan (Vaults:5)
  The ghost of Ullipcorian the Executioner, an adept HOFi of Okawaru (Shoals:4)
  3 krakens
  3 sphinxes
  3 tengu reavers (Vaults:5)
  2 draconian monks (Zot:2)
  2 nagarajas
  5 vault wardens
  A fire giant (Depths:2)
  Louise (Shoals:1)
  An iron dragon (Vaults:5)
  A ghost moth (Zot:2)
  An orc warlord (Vaults:3)
  A draconian annihilator (Zot:1)
  7 ironbound preservers
  A ghoul (Vaults:3)
  A formless jellyfish (Vaults:4)
  A stone giant (Depths:2)
  A spriggan defender (Depths:3)
  2 very ugly things
  7 ironbound thunderhulks
  A vampire knight (Depths:2)
  A green draconian (Zot:3)
  A deep elf annihilator (Elf:3)
  A black draconian (Zot:2)
  A deep elf demonologist (Vaults:5)
  A deep elf death mage (Vaults:2)
  A red draconian (Depths:4)
  A blizzard demon (Depths:1)
  An eidolon (Crypt:1)
  An entropy weaver (Vaults:3)
  7 yaktaur captains
  A merfolk javelineer (Shoals:4)
  2 great orbs of eyes
  A fire dragon (Elf:3)
  2 deep elf high priests
  8 merfolk impalers
  3 salamander tyrants
  2 ice dragons (Zot:2)
  2 rakshasas (Depths:2)
  A hydra (Elf:3)
  An alligator snapping turtle (Shoals:4)
  4 anacondas
  4 ogre magi (Vaults:5)
  3 vault guards
  2 centaur warriors
  3 boulder beetles
  A spriggan air mage (Depths:2)
  2 ironbound frosthearts
  A dancing weapon (Vaults:5)
  2 merfolk avatars (Shoals:4)
  5 merfolk aquamancers (Shoals:4)
  2 satyrs
  4 two-headed ogres
  6 naga sharpshooters
  A deep troll shaman (Depths:2)
  A vampire mage (Crypt:1)
  A spriggan berserker (Depths:3)
  A titan zombie (Vaults:5)
  2 naga warriors (Snake:4)
  3 shock serpents
  5 hell knights
  2 deep elf knights
  A soul eater (Depths:1)
  6 skeletal warriors (Crypt:1)
  An anaconda zombie (Crypt:2)
  2 skysharks (Vaults:4)
  2 shadow wraiths
  2 flayed ghosts
  2 arcanists
  7 sea snakes
  2 mana vipers (Snake:2)
  26 deep trolls
  3 naga ritualists
  A harpy (shapeshifter) (D:15)
  A spectral merfolk (Shoals:4)
  11 harpies
  3 necromancers
  A phantasmal warrior (Crypt:1)
  6 ironbound convokers
  2 lindwurms (Vaults:1)
  A tengu skeleton (Vaults:2)
  3 orc knights
  2 deep elf zephyrmancers (Elf:3)
  3 cyclopes
  A shining eye (shapeshifter) (Vaults:3)
  3 moths of wrath
  4 ugly things
  14 manticores
  6 fauns
  A spectral satyr (Shoals:4)
  4 vault sentinels
  3 salamanders
  An elephant (Lair:5)
  8 guardian serpents (Snake:4)
  6 merfolk sirens
  A water nymph (Shoals:4)
  4 naga magi
  11 black mambas
  2 molten gargoyles (Hell)
  2 cane toads (Lair:4)
  2 torpor snails (Lair:5)
  13 yaktaurs
  An unseen horror (D:11)
  3 tengu conjurers (Depths:4)
  A freezing wraith (Crypt:1)
  14 merfolk
  A wind drake (shapeshifter) (Vaults:3)
  A catoblepas skeleton (Crypt:1)
  2 tyrant leeches (Lair:5)
  A polar bear (Lair:5)
  A hornet (Lair:5)
  A wind drake (Shoals:4)
  3 trolls
  9 blink frogs
  6 snapping turtles
  A raiju (Lair:5)
  A draconian simulacrum (Crypt:1)
  9 slime creatures
  An ettin skeleton (Crypt:2)
  A spectral wind drake (Shoals:4)
  4 spriggans (Depths:3)
  11 water elementals
  A wraith (Crypt:1)
  2 fire elementals (Snake:1)
  22 yaks
  2 humans (D:14)
  A vampire mosquito (D:13)
  A basilisk (Lair:2)
  A sea snake simulacrum (Shoals:4)
  A warg (Lair:5)
  A yaktaur simulacrum (Vaults:2)
  13 nagas
  A deep troll zombie (Vaults:5)
  A great orb of eyes simulacrum (IceCv)
  A water moccasin (Lair:5)
  5 hell hounds
  6 black bears (Lair:5)
  6 laughing skulls (Crypt:1)
  4 orc warriors
  An ice beast (D:7)
  A boggart (Vaults:2)
  4 ogres
  3 wolves (Lair:5)
  2 centaurs
  2 human zombies (Vaults:2)
  A slime creature simulacrum (IceCv)
  Blork the orc (Orc:2)
  A kobold brigand (D:11)
  A bullfrog (Lair:3)
  A necrophage (Crypt:2)
  A naga simulacrum (Crypt:1)
  A water nymph simulacrum (Shoals:4)
  3 merfolk simulacra (Shoals:4)
  2 glowing shapeshifter simulacra (IceCv)
  An electric eel (Lair:4)
  2 lava snakes (Lair:3)
  3 orc priests (Orc:1)
  A basilisk skeleton (Crypt:1)
  7 orc wizards
  A shapeshifter simulacrum (IceCv)
  2 hell rats (Hell)
  An acid dragon skeleton (Crypt:2)
  A steam dragon zombie (Crypt:1)
  An ufetubus (D:6)
  13 orcs
  2 goblins
  A quokka (D:3)
  A kobold (Shoals:1)
  A spectral goblin (D:10)
  2 butterflies (Lair:3)
  10 tentacles
539 creatures vanquished.

Vanquished Creatures (others)
  A tengu reaver (Vaults:3)
  A draconian knight (Zot:3)
  3 spectral tentacled monstrosities
  A red draconian (Zot:1)
  3 quicksilver dragon zombies
  A spectral human (Crypt:1)
  5 very ugly thing zombies
  A merfolk impaler (Shoals:4)
  9 spriggan zombies
  3 sphinx zombies spectral
  Geryon (Hell)
  3 titan zombies (Vaults:5)
  A spectral balrug (Hell)
  A deep elf knight (Elf:2)
  3 spectral reapers (Hell)
  2 storm dragon zombies
  4 spark wasp zombies
  2 golden dragon zombies
  A spectral merfolk (Shoals:4)
  2 anaconda zombies
  46 elf zombies
  2 shadow dragon zombies
  An ironbound convoker (Vaults:3)
  A spectral blizzard demon (Hell)
  5 ugly thing zombies
  2 hell hog zombies (Hell)
  7 draconian zombies
  A necromancer (Hell)
  A stone giant zombie (Depths:2)
  3 fire giant zombies
  2 frost giant zombies
  A dire elephant zombie (Lair:5)
  5 shock serpent zombies
  A vault sentinel (Vaults:3)
  A yellow draconian zombie (Depths:4)
  A spectral soul eater (Depths:3)
  6 mana viper zombies
  2 white draconian zombies
  2 green draconian zombies (Zot:3)
  An unseen horror zombie (D:11)
  A black draconian zombie (Zot:1)
  A yaktaur (Vaults:2)
  A purple draconian zombie (Zot:3)
  A sea snake zombie (Shoals:1)
  2 iron troll zombies
  3 spectral sun demons (Hell)
  13 harpy zombies
  A hydra zombie (Elf:3)
  4 moth of wrath zombies
  A polar bear (Lair:5)
  2 guardian serpent zombies (Snake:4)
  3 fire dragon zombies
  9 merfolk zombies
  An ettin zombie (Depths:2)
  6 ice dragon zombies
  A spriggan (Depths:3)
  13 black mamba zombies
  15 slime creature zombies
  4 spectral rust devils (Hell)
  A naga (Snake:3)
  A spectral hellion (Depths:3)
  2 water nymph zombies (Shoals:4)
  4 faun zombies
  2 two-headed ogre zombies (Orc:2)
  A skyshark zombie (Vaults:4)
  19 deep troll zombies
  A cane toad zombie (Lair:3)
  An entropy weaver zombie (Vaults:2)
  4 spectral smoke demons (Hell)
  A spectral red devil (Hell)
  4 elephant zombies (Lair:5)
  2 lindwurm zombies (Vaults:3)
  A sky beast (D:8)
  2 hornet zombies (Lair:5)
  A snapping turtle zombie (Shoals:4)
  A torpor snail zombie (Lair:3)
  2 blink frog zombies
  A boggart (Elf:1)
  7 manticore zombies
  A centaur (D:14)
  2 komodo dragon zombies (Lair:5)
  4 salamander zombies
  6 hell hound zombies
  14 yaktaur zombies
  A cyclops zombie (D:13)
  3 warg zombies
  4 water moccasin zombies
  2 wyvern zombies
  3 troll zombies (Orc:2)
  9 yak zombies
  8 tengu zombies
  5 polar bear zombies (Lair:5)
  8 wolf zombies
  A bullfrog zombie (D:8)
  47 human zombies
  5 centaur zombies
  5 black bear zombies
  A boggart zombie (Elf:1)
  An orc wizard (Elf:2)
  14 ogre zombies
  26 naga zombies
  A hound zombie (D:7)
  2 howler monkey zombies
  A lava snake zombie (Lair:3)
  54 orc zombies
  3 orcs
  2 goblin zombies (D:3)
  A jackal zombie (D:3)
  A kobold zombie (D:11)
  23 tentacles
537 creatures vanquished.

Grand Total: 2948 creatures vanquished

Notes
Turn   | Place    | Note
-------+----------+-------------------------------------------
     0 | D:1      | SnakkuSnakku7 the Troll Enchanter began the quest for the
                  | Orb.
     0 | D:1      | Reached XP level 1. HP: 16/16 MP: 1/1
    73 | D:1      | Reached skill level 1 in Unarmed Combat
   232 | D:1      | Reached XP level 2. HP: 24/24 MP: 2/2
   678 | D:1      | Reached XP level 3. HP: 23/31 MP: 3/3
   982 | D:2      | Found a faded altar of an unknown god.
   997 | D:2      | Prayed at the altar of an unknown god.
   997 | D:2      | Became a worshipper of Yredelemnul the Dark
   997 | D:2      | Reached * piety under Yredelemnul
  1218 | D:2      | Reached ** piety under Yredelemnul
  1219 | D:2      | Reached XP level 4. HP: 39/39 MP: 4/4
  1985 | D:3      | Found a hide-covered altar of Uskayaw.
  2006 | D:3      | Noticed a +0 hand axe
  2007 | D:3      | Noticed a +0 dagger
  2212 | D:3      | Reached *** piety under Yredelemnul
  2415 | D:3      | Found an opulent altar of Gozag.
  2415 | D:3      | Found a sparkling altar of Nemelex Xobeh.
  2580 | D:4      | Reached XP level 5. HP: 45/45 MP: 5/5
  2624 | D:4      | Found Sesap's Weapon Shop.
  2640 | D:4      | Reached skill level 5 in Unarmed Combat
  2735 | D:4      | Noticed Natasha
  2745 | D:4      | Killed Natasha
  2779 | D:4      | Found a staircase to the Ecumenical Temple.
  2829 | D:4      | Noticed Natasha
  2839 | D:4      | Killed Natasha
  2960 | D:4      | Reached XP level 6. HP: 53/53 MP: 6/6
  2961 | D:4      | Noticed Natasha
  2967 | D:4      | Killed Natasha
  3427 | D:5      | Entered Level 5 of the Dungeon
  3521 | D:5      | Noticed an ice beast
  3529 | D:5      | Killed an ice beast
  3530 | D:5      | Reached XP level 7. HP: 59/59 MP: 7/7
  3725 | D:5      | Found a glowing silver altar of Zin.
  4048 | D:5      | Found an ancient bone altar of Kikubaaqudgha.
  4761 | D:7      | Reached XP level 8. HP: 44/67 MP: 8/8
  4862 | D:7      | Reached skill level 10 in Unarmed Combat
  4862 | D:7      | Reached skill level 1 in Fighting
  5204 | D:8      | Found a bloodstained altar of Trog.
  5246 | D:8      | Noticed a troll
  5287 | D:8      | Reached skill level 5 in Fighting
  5287 | D:8      | Reached XP level 9. HP: 54/88 MP: 9/9
  5463 | D:8      | Found a staircase to the Lair.
  5574 | D:8      | Killed a troll
  6190 | D:8      | Noticed a two-headed ogre
  6219 | D:8      | Killed a two-headed ogre
  6435 | D:8      | Reached XP level 10. HP: 104/104 MP: 10/10
  6498 | D:9      | Identified the +0 tower shield of the Good {Regen+ Int+4}
  6643 | D:9      | Reached skill level 5 in Dodging
  6983 | D:9      | Reached skill level 1 in Shields
  7018 | D:9      | Reached **** piety under Yredelemnul
  7245 | D:9      | Found a staircase to the Orcish Mines.
  7339 | D:10     | Entered Level 10 of the Dungeon
  7528 | D:10     | Found a hazy altar of Hepliaklqana.
  7648 | D:10     | Found a burning altar of Makhleb.
  7736 | D:10     | Reached skill level 5 in Shields
  8395 | Lair:1   | Entered Level 1 of the Lair of Beasts
  8489 | Lair:1   | Noticed a cane toad
  8495 | Lair:1   | Reached XP level 11. HP: 111/111 MP: 11/11
  8501 | Lair:1   | Reached ***** piety under Yredelemnul
  8516 | Lair:1   | Reached ****** piety under Yredelemnul
  9213 | Lair:2   | Noticed an eight-headed hydra
  9532 | Lair:2   | Killed an eight-headed hydra
  9533 | Lair:2   | Reached skill level 10 in Shields
  9533 | Lair:2   | Found a staircase to the Shoals.
  9544 | Lair:2   | Reached skill level 1 in Invocations
 10122 | Lair:3   | Found a frozen archway.
 10135 | IceCv    | Entered an ice cave
 10199 | IceCv    | Reached skill level 5 in Invocations
 10199 | IceCv    | Reached XP level 12. HP: 103/119 MP: 14/14
 10656 | IceCv    | Noticed a quicksilver ooze
 10663 | IceCv    | Killed a quicksilver ooze
 10715 | IceCv    | Noticed an azure jelly
 10727 | IceCv    | Noticed an azure jelly
 10729 | IceCv    | Killed an azure jelly
 10738 | IceCv    | Killed an azure jelly
 10739 | IceCv    | Found a viscous altar of Jiyva.
 10753 | IceCv    | Got the ring of the Sky {rC+ Str+3}
 10766 | IceCv    | Identified the +4 ring mail "Botol" {MP+9}
 10895 | Lair:3   | Noticed a death yak
 10907 | Lair:3   | Killed a death yak
 11066 | Lair:3   | Found a staircase to the Snake Pit.
 11776 | Lair:3   | Identified a scroll of acquirement
 11776 | Lair:3   | Acquired the amulet "Moesiad" {Spirit rElec rN+ Str-2
                  | Int+2}
 11803 | Lair:4   | Noticed a boulder beetle
 11864 | Lair:4   | Reached XP level 13. HP: 127/127 MP: 18/18
 12758 | Lair:5   | Entered Level 5 of the Lair of Beasts
 13091 | Lair:5   | Identified the ring "Jih Ybo" {^Contam rF+ rCorr SInv}
 13163 | Lair:5   | Reached skill level 15 in Unarmed Combat
 13180 | Lair:5   | Noticed a dire elephant
 13196 | Lair:5   | Killed a dire elephant
 13343 | Lair:5   | Reached XP level 14. HP: 133/137 MP: 17/19
 13363 | Lair:5   | Paralysed by a hornet for 1 turns
 13562 | Lair:5   | Paralysed by a hornet for 2 turns
 13716 | Lair:5   | Reached skill level 10 in Fighting
 13770 | Lair:5   | Found a staircase to the Slime Pits.
 14293 | D:11     | Noticed Erolcha
 14299 | D:11     | Killed Erolcha
 14353 | D:11     | Identified the +4 leather armour of Hedging {Int+4}
 15614 | Orc:1    | Entered Level 1 of the Orcish Mines
 16488 | Orc:2    | Entered Level 2 of the Orcish Mines
 16488 | Orc:2    | Found a staircase to the Elven Halls.
 16508 | Orc:2    | Noticed Blork the orc
 16521 | Orc:2    | Killed Blork the orc
 16979 | Orc:2    | Found Lisigu's Armour Shoppe.
 17111 | Orc:2    | Reached XP level 15. HP: 76/156 MP: 6/20
 17134 | Orc:2    | Reached skill level 10 in Dodging
 17275 | Orc:2    | Found Qatzueqe's General Store.
 17276 | Orc:2    | Found Ycaero's Armour Shop.
 17289 | Orc:2    | Found Xiyleh's Antique Weapon Emporium.
 17291 | Orc:2    | Bought the +1 cloak of Cowardice {MP+9 Str+3 Int+4} for 851
                  | gold pieces
 17324 | Orc:2    | Bought a scroll of revelation for 82 gold pieces
 17872 | D:12     | Found a portal to a secret trove of treasure.
 17900 | D:12     | Found Diakh's Jewellery Boutique.
 17909 | D:12     | Bought the ring "Toveh" {^Contam +Blink rPois rC+ Will++}
                  | for 691 gold pieces
 18101 | D:12     | Noticed Sonja
 18116 | D:12     | Killed Sonja
 18626 | D:13     | Noticed Kirke
 18644 | D:13     | Noticed a sphinx
 18644 | D:13     | Killed Kirke
 18778 | D:13     | Found Zin's Purification Station.
 18793 | D:13     | Found a glowing silver altar of Zin.
 18796 | D:13     | Bought a potion of curing for 90 gold pieces
 19376 | D:14     | Found Xuohas's Jewellery Shoppe.
 20202 | D:14     | Reached skill level 1 in Throwing
 20297 | D:14     | Found a gate to the Vaults.
 20573 | D:14     | Reached skill level 5 in Throwing
 20866 | D:14     | Identified the +1 robe of the Tormentor {rElec rPois Dex+2
                  | Archmagi}
 20901 | D:15     | Entered Level 15 of the Dungeon
 21029 | D:15     | Found a staircase to the Depths.
 21177 | D:15     | Noticed Roxanne
 21969 | D:15     | Killed Roxanne
 22291 | Lair:1   | Upgraded the game from 0.31.0-4-g52a2dc7128 to
                  | 0.31.0-7-gf635a9b802
 22345 | Snake:1  | Entered Level 1 of the Snake Pit
 22376 | Snake:1  | Reached skill level 1 in Shapeshifting
 22478 | Snake:1  | Reached skill level 2 in Shapeshifting
 22478 | Snake:1  | Reached XP level 16. HP: 165/165 MP: 21/21
 22509 | Snake:1  | Reached skill level 3 in Shapeshifting
 22608 | Snake:1  | Found Wiucoych's Antique Weapon Shop.
 22608 | Snake:1  | Found Yjoappo's Antique Armour Boutique.
 22613 | Snake:1  | Found Cestug's Book Shop.
 22986 | Snake:1  | Reached skill level 4 in Shapeshifting
 23121 | Snake:2  | Noticed Azrael
 23281 | Snake:1  | Killed Azrael
 23357 | Snake:2  | Reached skill level 5 in Shapeshifting
 23443 | Snake:2  | Reached skill level 6 in Shapeshifting
 23789 | Snake:2  | Identified the serpent talisman of Summer {Will+ Str+3}
 23789 | Snake:2  | Noticed Aizul
 23812 | Snake:2  | Killed Aizul
 23813 | Snake:2  | Reached skill level 7 in Shapeshifting
 24313 | Snake:2  | Reached skill level 8 in Shapeshifting
 24313 | Snake:2  | Noticed Vashnia
 24323 | Snake:2  | Killed Vashnia
 24331 | Snake:2  | Your ally Vashnia died
 24471 | Snake:2  | Reached skill level 9 in Shapeshifting
 24831 | Snake:2  | Reached skill level 10 in Shapeshifting
 25204 | Snake:3  | Noticed Asterion
 25323 | Snake:3  | Reached skill level 11 in Shapeshifting
 25493 | Snake:3  | Reached XP level 17. HP: 119/172 MP: 22/22
 26252 | Snake:3  | Killed Asterion
 26253 | Snake:3  | Reached skill level 12 in Shapeshifting
 26332 | Snake:3  | Found Afug's Tiny Tomes.
 26428 | Snake:4  | Entered Level 4 of the Snake Pit
 27116 | Snake:4  | Reached skill level 13 in Shapeshifting
 27300 | Snake:4  | Noticed Donald
 27311 | Snake:4  | Killed Donald
 27311 | Snake:4  | Charmed Donald
 27705 | Snake:4  | Reached skill level 14 in Shapeshifting
 27953 | Snake:4  | Reached skill level 15 in Shapeshifting
 28004 | Snake:4  | Got a serpentine rune of Zot
 28211 | Shoals:1 | Entered Level 1 of the Shoals
 28211 | Shoals:1 | Noticed Louise
 28218 | Shoals:1 | Killed Louise
 28264 | Shoals:1 | Found a flickering gateway to a bazaar.
 28289 | Bazaar   | Entered a bazaar
 28295 | Bazaar   | Found Hugaupp's Jewellery Shop.
 28295 | Bazaar   | Found Duptau's Book Boutique.
 28503 | Shoals:1 | Reached XP level 18. HP: 182/182 MP: 23/23
 28777 | Shoals:2 | Reached skill level 16 in Shapeshifting
 29112 | Shoals:2 | Noticed Nikola
 29123 | Shoals:2 | Killed Nikola
 29246 | Shoals:3 | Reached skill level 17 in Shapeshifting
 29440 | Shoals:3 | Found Abathiuh's Self-Improvement Boutique.
 29498 | Shoals:3 | Bought a manual of Armour for 1280 gold pieces
 29651 | Shoals:4 | Entered Level 4 of the Shoals
 29684 | Shoals:4 | Reached skill level 18 in Shapeshifting
 29809 | Shoals:4 | Found a runed translucent gate.
 29809 | Shoals:4 | Found a runed translucent gate.
 29809 | Shoals:4 | Found a runed translucent gate.
 30059 | Shoals:4 | Identified the ring of the Cast Vote {rC+ Int+6 Dex+3}
 30085 | Shoals:4 | Reached XP level 19. HP: 164/189 MP: 24/24
 30088 | Shoals:4 | Reached skill level 19 in Shapeshifting
 30136 | Shoals:4 | Got a barnacled rune of Zot
 30159 | Shoals:4 | Noticed Ullipcorian's ghost (adept HOFi)
 30173 | Shoals:4 | Killed Ullipcorian's ghost
 30559 | Vaults:1 | Entered Level 1 of the Vaults
 31690 | Vaults:2 | Noticed Margery
 31690 | Vaults:2 | Noticed a hellephant
 31712 | Vaults:2 | Killed Margery
 31718 | Vaults:2 | Killed a hellephant
 31754 | Vaults:2 | Identified the +8 whip of Valiance {flame, rElec}
 32194 | Vaults:2 | Reached XP level 20. HP: 198/198 MP: 25/25
 32490 | Vaults:2 | Noticed Zenata
 32498 | Vaults:2 | Killed Zenata
 33098 | Vaults:3 | Found a staircase to the Crypt.
 33380 | Vaults:3 | Identified the +1 battleaxe of Bright Absolution {drain,
                  | *Slow Will++ Int+4}
 33412 | Vaults:3 | Reached skill level 20 in Shapeshifting
 33444 | Vaults:3 | Found Yleruxus's General Store.
 33449 | Vaults:3 | Bought a scroll of blinking for 112 gold pieces
 33981 | Vaults:4 | Noticed a golden dragon
 33985 | Vaults:4 | Killed a golden dragon
 33986 | Vaults:4 | Identified the +4 shortbow "Paod" {drain, ^Contam rC++
                  | Int+3}
 34122 | Vaults:4 | Reached skill level 21 in Shapeshifting
 34377 | Vaults:4 | Reached XP level 21. HP: 206/206 MP: 26/26
 34448 | Vaults:4 | Noticed Norris
 34466 | Vaults:4 | Killed Norris
 34549 | Vaults:4 | Found Hiroruwn's Distillery.
 34557 | Vaults:4 | Bought 2 potions of curing for 120 gold pieces
 34557 | Vaults:4 | Bought a potion of haste for 200 gold pieces
 34557 | Vaults:4 | Bought a potion of curing for 60 gold pieces
 34557 | Vaults:4 | Bought a potion of curing for 60 gold pieces
 34557 | Vaults:4 | Bought a potion of cancellation for 160 gold pieces
 34557 | Vaults:4 | Bought a potion of resistance for 200 gold pieces
 34901 | Crypt:1  | Entered Level 1 of the Crypt
 34929 | Crypt:1  | Identified the ring "Jezasipo" {Ice +Blink rPois Str-4
                  | Dex+4}
 34929 | Crypt:1  | Noticed Josephina
 34944 | Crypt:1  | Killed Josephina
 35149 | Crypt:1  | Noticed Boris
 35152 | Crypt:1  | Killed Boris
 35630 | Crypt:1  | Noticed a royal mummy
 35632 | Crypt:1  | Noticed Khufu
 35632 | Crypt:1  | Noticed a royal mummy
 35632 | Crypt:1  | Noticed a royal mummy
 35636 | Crypt:1  | Your ally Donald died
 35657 | Crypt:1  | Killed a royal mummy
 35662 | Crypt:1  | Killed a royal mummy
 35665 | Crypt:1  | Killed a royal mummy
 35674 | Crypt:1  | Killed Khufu
 35855 | Crypt:2  | Reached skill level 15 in Fighting
 36531 | Crypt:3  | Entered Level 3 of the Crypt
 36820 | Crypt:3  | Noticed Boris
 36836 | Crypt:3  | Killed Boris
 36975 | Crypt:3  | Reached XP level 22. HP: 231/231 MP: 27/27
 37098 | Crypt:3  | Found a staircase to the Tomb.
 37326 | Crypt:3  | Got the Information on Iniquitous Arts
 37455 | Crypt:3  | Found an ancient bone altar of Kikubaaqudgha.
 37465 | Crypt:3  | Noticed an ancient lich
 37468 | Crypt:3  | Killed an ancient lich
 37485 | Crypt:3  | Identified the +0 plate armour of Foolhardiness {-Cast
                  | Slay+2 SInv}
 37493 | Crypt:3  | Noticed an ancient lich
 37504 | Crypt:3  | Killed an ancient lich
 38288 | Elf:1    | Entered Level 1 of the Elven Halls
 38436 | Elf:1    | Found Azism's Book Shop.
 38436 | Elf:1    | Found Cothra's Jewellery Shoppe.
 38438 | Elf:1    | Found Tutuasea's Book Shop.
 38473 | Elf:1    | Paralysed by an air elemental for 1 turns
 38475 | Elf:1    | Paralysed by an air elemental for 1 turns
 39212 | Elf:2    | Found a huge runed translucent gate.
 39212 | Elf:2    | Found a huge runed translucent gate.
 39212 | Elf:2    | Found a huge runed translucent gate.
 39212 | Elf:2    | Found a huge runed translucent gate.
 39214 | Elf:2    | Found a huge runed translucent gate.
 39488 | Elf:2    | Paralysed by an air elemental for 1 turns
 39606 | Elf:3    | Entered Level 3 of the Elven Halls
 40302 | Elf:3    | Identified the +4 buckler "Jyomui" {rF+ Regen+ Int+3}
 40314 | Elf:3    | Identified the amulet of the Summoning Gods {Regen+ Dex+4}
 40375 | Elf:3    | Identified the +2 halberd of Gozag's Whim {heavy, rC+ rN+
                  | Str+3 Dex+2}
 40468 | Elf:3    | Identified the staff of the Freezing Asp {rElec Dex+3
                  | Earth}
 40519 | Elf:3    | Reached XP level 23. HP: 252/252 MP: 28/28
 40540 | Elf:3    | Got the Catalogue of the Transposed Congregation
 41408 | Vaults:5 | Entered Level 5 of the Vaults
 41409 | Vaults:5 | Noticed an ancient lich
 41417 | Vaults:5 | Killed an ancient lich
 41434 | Vaults:5 | Noticed Boris
 41439 | Vaults:5 | Killed Boris
 41622 | Vaults:5 | Reached skill level 15 in Shields
 41824 | Vaults:5 | Identified the +5 mace of Bithi {elec, Fly rF+ MP+9}
 41824 | Vaults:5 | Identified the +1 leather armour of the Loofah {+Blink
                  | rPois Int-3}
 41923 | Vaults:5 | Noticed an ancient lich
 41924 | Vaults:5 | Noticed an ancient lich
 41927 | Vaults:5 | Killed an ancient lich
 41933 | Vaults:5 | Noticed a dread lich
 41934 | Vaults:5 | Killed an ancient lich
 41939 | Vaults:5 | Killed a dread lich
 41963 | Vaults:5 | Got a silver rune of Zot
 42221 | Vaults:5 | Reached XP level 24. HP: 242/262 MP: 25/28
 42255 | Vaults:5 | Identified the +8 mace of Rotation {holy, Str+3}
 42661 | Vaults:5 | Identified the +4 broad axe "Duwarut" {pain, Will+}
 43038 | Depths:1 | Entered Level 1 of the Depths
 43340 | Depths:1 | Reached skill level 1 in Armour
 43362 | Depths:1 | Gained mutation: You are clumsy. (Dex -2) [a cacodemon]
 43421 | Depths:1 | Reached skill level 5 in Armour
 43616 | Depths:1 | Found a sparkling altar of Nemelex Xobeh.
 43727 | Depths:1 | Found a gateway to Hell.
 43730 | Depths:1 | Gained mutation: You are vulnerable to heat. (rF-) [a
                  | neqoxec]
 43978 | Depths:1 | Lost mutation: You are clumsy. (Dex -2) [potion of
                  | mutation]
 43978 | Depths:1 | Lost mutation: You are vulnerable to heat. (rF-) [potion of
                  | mutation]
 43978 | Depths:1 | Gained mutation: Your spells are a little easier to cast,
                  | but a little less powerful. [potion of mutation]
 43978 | Depths:1 | Gained mutation: You possess an exceptional clarity of
                  | mind. [potion of mutation]
 43978 | Depths:1 | Gained mutation: You are partially covered in iridescent
                  | scales. (AC +2) [potion of mutation]
 44360 | Depths:2 | Found a one-way gateway to a ziggurat.
 44371 | Depths:2 | Found a one-way gate leading to the halls of Pandemonium.
 44566 | Depths:2 | Found a bloodstained altar of Trog.
 44567 | Depths:2 | Found a bloodstained altar of Trog.
 44567 | Depths:2 | Found an iron altar of Okawaru.
 44843 | Depths:2 | Identified the ring of Kibaelyv {rF+ Will+ Slay+2}
 44900 | Depths:2 | Identified the +5 shortbow of the Dead {flame, rF+ rC++
                  | Int+5}
 45506 | Depths:3 | Reached XP level 25. HP: 273/273 MP: 28/28
 45622 | Depths:3 | Found a one-way gate to the infinite horrors of the Abyss.
 45726 | Depths:3 | Identified the +6 whip of Ignis's Supremacy {flame, rPois
                  | rC+ Int-4 Dex+3}
 45734 | Depths:3 | Reached skill level 22 in Shapeshifting
 45906 | Depths:3 | Identified the amulet "Qakaikhle" {Reflect SH+5 SInv}
 46087 | Depths:4 | Entered Level 4 of the Depths
 46309 | Depths:4 | Reached skill level 23 in Shapeshifting
 46421 | Depths:4 | Found a radiant altar of Vehumet.
 46633 | Depths:4 | Found a gate to the Realm of Zot.
 46753 | Depths:4 | Identified the +1 robe of the Sun {MP+9 Str-4 Dex+4}
 47032 | Hell     | Entered the Vestibule of Hell
 47032 | Hell     | Noticed Geryon
 47130 | Hell     | Killed Geryon
 47137 | Hell     | Your ally Geryon died
 47243 | Hell     | Reached skill level 10 in Throwing
 47246 | Hell     | Found a gateway to the ashen valley of Gehenna.
 47577 | Hell     | Found a gateway to the decaying netherworld of Tartarus.
 47677 | Hell     | Found a gateway to the Iron City of Dis.
 47931 | Zot:1    | Entered Level 1 of the Realm of Zot
 47931 | Zot:1    | Found a stormy altar of Qazlal.
 48051 | Zot:2    | Noticed a Killer Klown
 48283 | Zot:1    | Reached XP level 26. HP: 283/283 MP: 28/28
 49076 | Zot:2    | Found the +27 heavy crossbow "Sniper" {heavy, Acc+∞ SInv}
 49169 | Zot:2    | Noticed an ancient lich
 49197 | Zot:2    | Killed an ancient lich
 49198 | Zot:2    | Reached skill level 15 in Throwing
 49199 | Zot:2    | Found a stormy altar of Qazlal.
 49340 | Zot:3    | Found the +4 dragonskin cloak
 49340 | Zot:3    | Noticed Tiamat
 49365 | Zot:3    | HP: 13/367 [acid (7)]
 49365 | Zot:3    | Slain by a purple draconian shifter

Illustrated notes

Levels and vault maps discovered:
D:1:      dpeg_cavernosity, layout_basic, dk_noncrumbling_2, st_stairs_13,
          supply_closet_lemuel, minmay_split_cup_large
D:2:      layout_loops_corners, hellmonk_ecumenical_altar_pennies_from_heaven
D:3:      layout_loops_ring, grunt_temple_overflow_opulence,
          dancing_weapons_uskayaw, hangedman_glass_teeth,
          minmay_misc_feat_four_crosses, kennysheep_generic_room_2
D:4:      layout_basic, minmay_temple_entry_junction, serial_shops,
          nicolae_shop_bloodbath_and_beyond, uniq_natasha
D:5:      layout_basic, mainiacjoe_overflow_swirl
D:6:      layout_rooms, minmay_misc_feat_columns
D:7:      layout_cave_pools
D:8:      layout_cave_pods, nicolae_overflow_crystal_walls, erik_lair_island,
          minmay_door_square, chequers_avenue, grunt_ministairs_9,
          minmay_joined_circles
D:9:      layout_basic, david_orc_4
D:10:     layout_layer_cave, lemuel_crystal_altar,
          nicolae_hepliaklqana_monster_ancestors, minivault_25
D:11:     layout_layer_cave, chequers_serial_rivers_marsh, uniq_erolcha
D:12:     layout_basic, enter_trove_5, serial_shops, shop, uniq_sonja
D:13:     layout_layer_cave, skrybe_limestone_x, drop_trap, minivault_14,
          nicolae_hexahallways, zin_purify, uniq_kirke
D:14:     layout_small_grid, grunt_vaults_entry_tiered, serial_shops,
          nicolae_shop_tiny_glass
D:15:     hangedman_depths_entry_civil_slaughter, layout_basic,
          minmay_misc_feat_diagonals, uniq_roxanne
Lair:1:   layout_regular_city
Lair:2:   layout_chaotic_city, minmay_shoals_entry_beasts, serial_bayou_shore_a,
          infiniplex_staircase_pool_2
Lair:3:   layout_small_grid, nicolae_snake_entry_warm_welcome,
          portal_ice_cave_entry_pillars_1, grunt_megastairs_4,
          lemuel_fruit_fields
Lair:4:   layout_cave_pods, serial_bayou_lagoon_a, lemuel_fruit_tree,
          serial_bayou_shore_b
Lair:5:   hangedman_lair_caniforms_friends, layout_misc_corridors, wormcave,
          slime_entry_1, gammafunk_lair_bear_cave
Shoals:1: layout_shoals, serial_shops, bzr_entry_customers,
          hangedman_shoals_cup_caves, uniq_louise
Shoals:2: layout_shoals, nicolae_shoals_kraken_party, uniq_nikola
Shoals:3: layout_shoals, nicolae_shop_self_help
Shoals:4: shoals_end_simple, layout_shoals, gammafunk_ghost_necromancy
Snake:1:  layout_grid_shapes, special_room, grunt_megastairs_2,
          serial_bayou_shore_b, minmay_shop_star
Snake:2:  layout_onion_interference, nicolae_snake_snakewalk, uniq_vashnia,
          uniq_aizul, uniq_azrael
Snake:3:  layout_layer_cave, nicolae_shop_i_like_small_books_too, st_stairs_7,
          uniq_asterion
Snake:4:  grunt_snake_rune_serpentine_throne, layout_grid_maze, uniq_donald
Orc:1:    layout_diamond_mine
Orc:2:    st_orc_open, layout_caves, sword_in_stone
Elf:1:    minmay_elf_arrival_circle, layout_gridlike, hangedman_elf_disciples,
          minmay_shop_grove
Elf:2:    elven_hall_of_blades_hangedman_alternative
          [nicolae_blade_entry_floor_patterns], layout_geoelf_octagon
Elf:3:    minmay_elf_hall_dome, layout_loops_corners, special_room
          [special_room_mythical_zoo], minmay_elf_annihilation
Vaults:1: nicolae_vaults_apartment_2, nicolae_vaults_house_2, v_misc_5,
          nicolae_vaults_weapon_check, v_alt_pattern_1, v_misc_26,
          hangedman_vaults_snaps, ontoclasm_vaults_spin,
          ontoclasm_vaults_shuriken, ontoclasm_vaults_twist,
          vaults_mumra_minichess, nicolae_vaults_house_2, layout_vaults_ring
Vaults:2: nicolae_vaults_trapezoid_lopsided_4, nicolae_vaults_closet_pinwheel_2,
          vaults_room_grunt_arrival_ludios, nicolae_vaults_c_with_doors,
          nicolae_vaults_mini_display_case, vaults_dpeg_hooks,
          nicolae_vaults_circle_grid_a, nicolae_vaults_storage_closets_1,
          nicolae_vaults_sealed_display, layout_vaults_chaotic_city,
          uniq_zenata, uniq_margery
Vaults:3: nicolae_vaults_little_squares_6, nicolae_vaults_closet_pinwheel_6,
          minmay_crypt_entry_simple_sparse,
          nicolae_vaults_offset_grid_hallway_4, v_misc_30,
          nicolae_vaults_security_offices_2, nicolae_vaults_house_3,
          nicolae_vaults_diamond_2, nicolae_vaults_diamond_2,
          nicolae_vaults_big_ls, nicolae_vaults_three_branches, v_misc_24,
          v_misc_24, nicolae_vaults_meiosis, nicolae_vaults_trapezoid_2,
          layout_vaults_maze_bifur, serial_shops, nicolae_shop_gibbet_a_chance
Vaults:4: hangedman_vaults_locks, hangedman_vaults_stitches,
          nicolae_vaults_theta, nicolae_vaults_apartment_1,
          nicolae_vaults_network_square, nicolae_vaults_puzzle_piece,
          nicolae_vaults_apartment_1, grunt_vaults_diagonal, v_misc_27,
          v_misc_3, ontoclasm_vaults_idyll, nicolae_vaults_specimen_jars,
          nicolae_vaults_apartment_1, nicolae_vaults_antechamber_and_loot_room,
          layout_vaults_omnicross, serial_shops, shop, uniq_norris
Vaults:5: serial_shops
Crypt:1:  layout_catacombs, grunt_ministairs_3, uniq_boris, uniq_josephina,
          uniq_khufu
Crypt:2:  layout_gridlike, st_stairs_7, lemuel_upstairs_altar,
          grunt_megastairs_5
Crypt:3:  quadcrypt_mu
Depths:1: layout_gridlike, grunt_hell_entry_demonic_statue,
          nemelex_lonely_heart_becter
Depths:2: hangedman_slaughterboxes, hell_entry, pan_entry
Depths:3: minmay_spriggan_fort, layout_cave_pools, grunt_pan_entry_in_and_out,
          abyss_entry, pf_hell_entry_tar_river
Depths:4: grunt_zot_entry_gee_three, layout_small_grid, pf_hell_entry_great_geh,
          old_standard_altar, nicolae_sextant
Hell
Zot:1:    layout_onion, regret_index_zotdec_storm_pass, grunt_ministairs_15
Zot:2:    regret_index_qazlal_generations, layout_basic
Zot:3:    layout_cathedral_of_symmetry, uniq_tiamat

Skill      XL: |  1  2  3  4  5  6  7  8  9 10 11 12 13 14 15 16 17 18 19 20 21 22 23 24 25 26 |
---------------+-------------------------------------------------------------------------------+-----
Unarmed Combat | 1 2 3 4 6 7 9 10 11 15 19 20 | 20.0
Fighting       | 5 8 12 16 19 20 | 20.0
Dodging        | 3 5 8 9 11 | 11.7
Shields        | 6 10 18 20 | 20.0
Invocations    | 5 8 |  8.0
Throwing       | 7 13 15 | 15.8
Shapeshifting  | 2 11 15 18 19 21 23 | 23.0
Armour         | 5 |  5.7
Short Blades   | |  0.7
Stealth        | |  1.5
Spellcasting   | |  1.2
Hexes          | |  2.0

Action                     |  1- 3 |  4- 6 |  7- 9 | 10-12 | 13-15 | 16-18 | 19-21 | 22-24 | 25-27 || total
---------------------------+-------+-------+-------+-------+-------+-------+-------+-------+-------++-------
  Melee: Unarmed           |   121 |   146 |   202 |   501 |  1229 |   952 |   878 |  1152 |   718 ||  5899
         Punch             |     1 |     2 |    14 |     4 |       |       |       |       |       ||    21
  Throw: Large rock        |       |       |       |       |     2 |       |       |       |       ||     2
 Invoke: Recall Undead Har |       |       |       |     1 |       |     7 |     6 |       |       ||    14
         Drain Life        |       |       |       |       |       |     2 |       |       |       ||     2
         Bind Soul         |       |       |       |       |       |     1 |       |       |       ||     1
         Dark Bargain      |       |       |       |       |       |       |       |       |     1 ||     1
  Evoke: Wand              |       |       |     2 |     3 |     7 |     2 |       |     2 |     5 ||    21
         Tin of tremorston |       |       |       |       |       |       |       |       |     1 ||     1
    Use: Scroll            |       |       |       |    24 |     4 |    12 |     3 |     4 |    17 ||    64
         Potion            |       |       |       |     2 |       |     3 |     1 |     6 |    12 ||    24
   Stab: Sleeping          |     9 |     2 |       |     5 |     3 |     1 |       |     1 |       ||    21
         Distracted        |       |     1 |     1 |     3 |    15 |    18 |    16 |    16 |     9 ||    79
         Invisible         |       |       |       |       |       |       |       |       |     4 ||     4
         Petrified         |       |       |       |       |       |       |       |       |     2 ||     2
 Armour: Robe              |    87 |    97 |   164 |   257 |   642 |   507 |       |       |       ||  1754
         Skin              |       |       |       |       |       |   288 |   758 |   978 |   720 ||  2744
  Dodge: Dodged            |    47 |    53 |    81 |   130 |   368 |   453 |   291 |   412 |   311 ||  2146
  Block: Tower shield      |       |       |       |   339 |   987 |   895 |  1255 |  1832 |  1322 ||  6630
         Kite shield       |       |       |       |       |    67 |   298 |       |       |       ||   365
         Form:             |       |       |       |       |       |     1 |       |       |       ||     1
         Serpent           |       |       |       |       |       |     1 |       |       |       ||     1
         Statue            |       |       |       |       |       |     1 |       |       |     1 ||     2
         Dragon            |       |       |       |       |       |       |       |       |     1 ||     1
